 Dungeon Crawl Stone Soup version 0.16.2-12-gd0ad4c3 (webtiles) character file.

113 Kloppie the Skirmisher (level 4, 0/40 HPs)
             Began as a Demigod Fighter on Oct 27, 2015.
             Slain by an orc wizard
             ... wielding a +0 dagger
              (2 damage)
             ... on level 2 of the Dungeon.
             The game lasted 00:03:50 (1886 turns).

Kloppie the Skirmisher (Demigod Fighter)            Turns: 1886, Time: 00:03:51

Health: 0/40       AC:  6    Str: 21    XL:     4   Next: 39%
Magic:  7/7        EV:  7    Int: 12    God:
Gold:   109        SH:  0    Dex: 15    Spells: 0 memorised, 3 levels left

rFire  . . .     SeeInvis .     a - +0 flail
rCold  . . .     Clarity  .     b - +0 scale mail
rNeg   . . .     SustAb   +     c - +0 shield
rPois  .         Gourm    .     (no helmet)
rElec  .         Spirit   .     (no cloak)
rCorr  .         Warding  .     (no gloves)
rMut   .         Stasis   .     (no boots)
MR     .....                    (no amulet)
Stlth  ..........               (no ring)
                                (no ring)

@: confused, not resistant to hostile enchantments, extremely unstealthy
A: sustain abilities
a: no special abilities


You were on level 2 of the Dungeon.
You were very hungry.

You visited 1 branch of the dungeon, and saw 3 of its levels.

You collected 109 gold pieces.

Inventory:

Hand weapons
 a - a +0 flail (weapon)
Armour
 b - a +0 scale mail (worn)
 c - a +0 shield (worn)
Jewellery
 o - an uncursed ring of see invisible {unknown}
Scrolls
 f - 3 scrolls of identify {unknown}
 g - a scroll of enchant armour {unknown}
 p - a scroll of teleportation {unknown}
 q - 2 scrolls of recharging {unknown}
Potions
 e - a potion of might
 i - a potion of curing {unknown}
 j - a potion of haste {unknown}
 k - a potion of resistance {unknown}
 l - a potion of heal wounds {unknown}
 n - a potion of brilliance {unknown}
 r - a potion of agility {unknown}
Comestibles
 d - 2 bread rations
 h - a royal jelly
 m - 5 fruits


   Skills:
 + Level 4.1 Fighting
 + Level 3.2 Maces & Flails
 - Level 2.6 Armour
 - Level 2.6 Shields


You had 3 spell levels left.
You didn't know any spells.

Dungeon Overview and Level Annotations

Branches:
Dungeon (3/15)


Innate Abilities, Weirdness & Mutations

Your attributes are resistant to harm.


Message History

Something hits you but does no damage.
You hit something but do no damage. Something hits you but does no damage.
Your shield and scale mail prevent you from hitting something.
You hear some strange, mumbled words.
Something tries to affect you, but you resist.
You completely miss something. You block its attack. You block its attack.
You closely miss something. Something hits you but does no damage.
You miss something. Something hits you but does no damage.
You miss something. Something hits you but does no damage.
Something hits you but does no damage.
You completely miss something.
You hear some strange, mumbled words.
You are confused.
Something hits you.
* * * LOW HITPOINT WARNING * * *
You hear some strange, mumbled words.
The puff of flame hits you!
* * * LOW HITPOINT WARNING * * *
Something hits you.
You die...

<......#######.#.................
.............#.#.#######.........
.......####.##.#.# #.........
............##.#.# #........#
.......#######.#.# #........#
.......# #.#.# #.#'#....#
#......# #.#)# #.#.#....+
####.#########.{># #.#.##...#
...#........[...@# #.#.##...#
##.#############.# #.#.###### #.#
### #.#.# # #.######### #.#.#
#.........# #.#.# ##########.#
#.#.# ...# #.# #...# ##.# #.#
###.# #.# #.# ###


There were no monsters in sight!

Vanquished Creatures
  An orc wizard (D:3)
  2 gnolls (D:1)
  An adder (D:2)
  A giant mite (D:1)
  A worm (D:2)
  An orc (D:2)
  6 bats
  A giant cockroach (D:2)
  6 hobgoblins
  A quokka (D:2)
  A ball python (D:1)
  2 giant newts
  6 goblins
  7 kobolds
  2 rats (D:1)
39 creatures vanquished.

Notes
Turn   | Place    | Note
--------------------------------------------------------------
     0 | D:1      | Kloppie, the Demigod Fighter, began the quest for the Orb.
     0 | D:1      | Reached XP level 1. HP: 18/18 MP: 2/2
   131 | D:1      | Reached skill level 3 in Fighting
   131 | D:1      | Reached XP level 2. HP: 19/26 MP: 3/3
   384 | D:1      | Reached XP level 3. HP: 10/31 MP: 5/5
  1724 | D:2      | Reached XP level 4. HP: 36/40 MP: 7/7
  1850 | D:3      | Reached skill level 4 in Fighting
  1885 | D:2      | HP: 2/40 [something/puff of flame (9)]
  1886 | D:2      | Slain by an orc wizard

Action                   |  1- 3 |  4- 6 || total
-------------------------+-------+-------++-------
Melee: Flail             |   120 |    44 ||   164
  Eat: Chunk             |     2 |       ||     2
